 Dungeon Crawl Stone Soup version 0.32-a0-411-g744942f433 (webtiles) character file.

Game seed: 6118765614615063006

25 shadowstone the Firebug (level 2, -3/20 HPs)
             Began as a Mountain Dwarf Fire Elementalist on Feb 21, 2024.
             Slain by a ribbon worm (7 damage)
             ... on level 2 of the Dungeon.
             The game lasted 00:03:57 (1496 turns).

shadowstone the Firebug (MDFE)                      Turns: 1496, Time: 00:03:58

Health: -3/20      AC:  2    Str: 10    XL:     2   Next: 86%
Magic:  1/5        EV: 12    Int: 15    God:
Gold:   77         SH:  0    Dex: 10    Spells: 4/5 levels left

rFire   . . .        (no weapon)
rCold   . . .        (no shield)
rNeg    . . .        a - +0 robe
rPois   .            (no helmet)
rElec   .            (no cloak)
rCorr   .            (no gloves)
SInv    .            (no boots)
Will    .....        (no amulet)
Stlth   ++           (no ring)
HPRegen 0.23/turn    (no ring)
MPRegen 0.09/turn

%: no passive effects
@: no status effects
A: runic magic, artefact enchanting
a: no special abilities


You were on level 2 of the Dungeon.
You visited 1 branch of the dungeon, and saw 2 of its levels.

You collected 77 gold pieces.

Inventory:

Armour
 a - a +0 robe (worn)
Scrolls
 d - 3 scrolls of fog {unknown}
 e - a scroll of revelation {unknown}
 f - 2 scrolls of teleportation {unknown}
Potions
 b - a potion of magic
 c - a potion of might {unknown}
 g - a potion of curing {unknown}


   Skills:
 + Level 0.2 Fighting
 + Level 1.6 Dodging
 + Level 1.6 Stealth
 + Level 2.0 Spellcasting
 + Level 1.0 Conjurations
 + Level 4.1 Fire Magic


You had 4 spell levels left.
You knew the following spells:

 Your Spells              Type           Power      Damage    Failure   Level
a - Foxfire               Conj/Fire      36%        2x1d5     8%          1

Your spell library contained the following spells:

 Spells                   Type           Power      Damage    Failure   Level
 Scorch                   Fire           28%        2d6       6%          2
 Inner Flame              Hex/Fire       7%         N/A       28%         3
 Volatile Blastmotes      Fire/Tloc      14%        2d11      28%         3
 Dazzling Flash           Conj/Hex       6%         N/A       47%         3
 Summon Ice Beast         Ice/Summ       1%         N/A       54%         3
 Flame Wave               Conj/Fire      9%         2d6       58%         4
 Summon Mana Viper        Hex/Summ       1%         N/A       99%         5
 Starburst                Conj/Fire      4%         6d4       100%        6
 Monstrous Menagerie      Summ           0%         N/A       100%        7
 Maxwell's Capacitive Co  Air            0%         ∞         100%        8


Dungeon Overview and Level Annotations

Branches:
Dungeon (2/15)

Altars:


Innate Abilities, Weirdness & Mutations

Your spellcasting is much less encumbered by armour.
You can use scrolls of enchantment on lesser artefacts.


Message History

You conjure some foxfire!
The foxfire hits the ribbon worm.
The ribbon worm is lightly wounded.
The foxfire hits the ribbon worm but does no damage.
The ribbon worm is lightly wounded.
You enter the shallow water.
Moving in this stuff is going to be slow.
You miscast Foxfire.
You are very lightly contaminated with residual magic.
Nothing appears to happen.
You conjure some foxfire!
The foxfire hits the ribbon worm.
The ribbon worm is lightly wounded.
The foxfire hits the ribbon worm.
The ribbon worm is moderately wounded.
The ribbon worm expels a string of sticky webbing.
The stream of webbing hits you but does no damage.
You are caught in a web!
You conjure some foxfire!
You conjure some foxfire!
The foxfire hits the ribbon worm but does no damage.
The ribbon worm is moderately wounded.
The foxfire hits the ribbon worm.
The ribbon worm is moderately wounded.
The foxfire hits the ribbon worm.
The ribbon worm is severely wounded.
The foxfire hits the ribbon worm.
The ribbon worm is severely wounded.
The ribbon worm bites you but does no damage.
The ribbon worm bites you. The ribbon worm bites you!
Your magical contamination has completely faded away.
The ribbon worm expels a string of sticky webbing.
The stream of webbing hits you but does no damage.
You are caught in a web!
You are too injured to fight recklessly!
You are too injured to fight recklessly!
The ribbon worm bites you!
* * * LOW HITPOINT WARNING * * *
The ribbon worm bites you!
You die...

##........#.
##............
#....#........
#...##..........##..#.
#.....................
#.......~~~~~~........
#......~~# #~~.......
##.....~# #~.......
###..@w~# #~.....#.
##.....~# #~....##.
#......~## ##~.....#.
##......~~####~~.......
#........~~~~~~.......#
#......................
#.#..##..........##..##
#.....#..........#.....
###................####


You could see a ribbon worm.

Vanquished Creatures
  2 bats (D:1)
  2 giant cockroaches (D:1)
  4 goblins (D:1)
  A frilled lizard (D:1)
  2 kobolds (D:1)
  4 rats (D:1)
15 creatures vanquished.

Vanquished Creatures (others)
  31 foxfires
31 creatures vanquished.

Grand Total: 46 creatures vanquished

Notes
Turn   | Place    | Note
-------+----------+-------------------------------------------
     0 | D:1      | shadowstone the Mountain Dwarf Fire Elementalist began the
                  | quest for the Orb.
     0 | D:1      | Reached XP level 1. HP: 14/14 MP: 3/3
    88 | D:1      | Reached XP level 2. HP: 19/20 MP: 0/5
   310 | D:1      | Reached skill level 4 in Fire Magic
   741 | D:1      | Reached skill level 1 in Conjurations
  1496 | D:2      | Slain by a ribbon worm

Illustrated notes

Levels and vault maps discovered:
D:1:      dpeg_arrival_prison, layout_loops_cross
D:2:      layout_basic, kennysheep_decorative_pillar, hangedman_decor_opposing

Skill      XL: |  1  2 |
---------------+-------+-----
Spellcasting   | 2 |  2.0
Fire Magic     | 4 |  4.1
Conjurations   | 1 |  1.0
Fighting       | |  0.2
Dodging        | |  1.6
Stealth        | |  1.6

Action                     || total
---------------------------++-------
  Melee: Unarmed           ||    56
   Cast: Foxfire           ||    21
   Stab: Sleeping          ||     1
 Armour: Robe              ||    56
  Dodge: Dodged            ||    59

Table legend: (Time is in decaauts)
 A = Elapsed time spent in this place.
 B = Non-inter-level travel time spent in this place.
 C = Inter-level travel time spent in this place.
 D = Time resting spent in this place.
 E = Time spent auto-exploring this place.
 F = Levels seen in this place.
 G = Mean time per level.
                   A        B        C        D        E       F      G
               +--------+--------+--------+--------+--------+-----+--------+
         Total |   1498 |   1482 |     16 |    521 |    460 |   2 |  749.0 |
       Dungeon |   1498 |   1482 |     16 |    521 |    460 |   2 |  749.0 |
               +--------+--------+--------+--------+--------+-----+--------+

Top non-repeatable levels by time:
     D:1: 1385 daAuts
     D:2: 113 daAuts
